 Dungeon Crawl Stone Soup version 0.31.0-11-ge490571c62 (webtiles) character file.

Game seed: 16421312068036567784

359 bearlyready the Ruffian (level 6, 0/38 HPs)
             Began as an Octopode Shapeshifter on Feb 8, 2024.
             Slain by a scorpion (6 damage)
             ... on level 4 of the Dungeon.
             The game lasted 00:03:10 (2921 turns).

bearlyready the Ruffian (Octopode Shapeshifter)     Turns: 2921, Time: 00:03:11

Health: 0/38       AC:  1    Str: 15    XL:     6   Next: 65%
Magic:  6/6        EV: 13    Int: 13    God:
Gold:   190        SH:  0    Dex: 11    Spells: 5/5 levels left

rFire   . .          .
                       - Unarmed
rCold   . . .        (no shield)
rNeg    . . .        (helmet currently unavailable)
rPois   .            (no amulet)
rElec   .            (no ring)
rCorr   .            (no ring)
SInv    .            (no ring)
Will    .....        (no ring)
Stlth   ++           (no ring)
HPRegen 0.26/turn    (no ring)
MPRegen 0.10/turn    (no ring)
                     (no ring)

%: no passive effects
@: brilliant, beast-form, attractive
A: beast (slay +2), almost no armour, amphibious, 8 rings, camouflage 1,
gelatinous body 1, (nimble swimmer 1), tentacles
a: Begin Untransformation


You were on level 4 of the Dungeon.
You were a hulking beast.
You visited 1 branch of the dungeon, and saw 4 of its levels.

You collected 190 gold pieces.

Inventory:

Missiles
 e - 37 stones (quivered)
Armour
 k - the -2 buckler of the Trilobite {^Drain Int+4}
   (You found it on level 2 of the Dungeon)

   Int+4:     It affects your intelligence (+4).
   ^Drain:    It drains your maximum health when unequipped.
Jewellery
 o - a ring of ice
Talismans
 b - a beast talisman
 c - a flux talisman
 p - a flux talisman
Wands
 q - a wand of polymorph (7)
Scrolls
 g - a scroll of teleportation {unknown}
 l - a scroll of vulnerability {unknown}
 m - a scroll of identify {unknown}
 n - a scroll of revelation {unknown}
 r - a scroll of poison {unknown}
Potions
 j - 2 potions of resistance


   Skills:
 - Level 1.0 Fighting
 - Level 2.0 Dodging
 + Level 5.5 Unarmed Combat
 + Level 5.2 Shapeshifting


You had 5 spell levels left.
You didn't know any spells.
Your spell library contained the following spells:

 Spells                   Type           Power      Damage    Failure   Level
 Martyr's Knell           Necr/Summ      0%         N/A       97%         4
 Spellforged Servitor     Conj/Summ      0%         N/A       100%        7
 Dragon's Call            Summ           0%         N/A       100%        9


Dungeon Overview and Level Annotations

Branches:
Dungeon (4/15)
 Temple: D:4-7

Altars:


Innate Abilities, Weirdness & Mutations

You are a hulking beast.
Your limbs bulge with bestial killing power. (Slay +2)
You cannot wear most types of armour.
You are amphibious.
You can wear up to eight rings at the same time.
Your skin changes colour to match your surroundings (Stealth+).
Your rubbery body absorbs attacks. (AC +1, EV +1)
((You are camouflaged when in or above water. (Stealth+)))
You have tentacles for arms and can constrict up to eight enemies at once.


Message History

You smack something!
Something hits you but does no damage.
You swing at nothing.
The orc throws a boomerang.
The boomerang hits you but does no damage.
Something hits you but does no damage.
You completely miss something. Something hits you.
* * * LOW HITPOINT WARNING * * *
You attack the rock wall.
You feel less confused.
The orc throws a boomerang.
Something hits you but does no damage.
You miss something. Your punch misses something.
You hear some strange, mumbled words.
Something tries to affect you, but you resist.
Okay, then.
You smack something!
Reactivating autopickup.
You feel a bit more experienced.
You closely miss the orc. The orc hits you but does no damage.
You closely miss the orc. The orc hits you but does no damage.
You smack the orc!
You kill the orc!
You start resting.
A scorpion comes into view.
A scorpion is nearby!
You start resting.
A scorpion is nearby!
Okay, then.
Okay, then.
It was a potion of cancellation.
Your magical effects are unravelling.
You feel magically purged.
You feel less wooden.
You turn into a hulking beast.
Your resistance to elements expires.
It was a potion of brilliance.
You feel clever all of a sudden.
It was a potion of magic.
Magic courses through your body.
It was a potion of attraction.
You feel attractive to monsters. The scorpion stings you.
You die...

##########...#....#
.............#....#
...#..........<...#
..................#
..................#
............##....#
............##...##
............####s#
..$.........o?##h#
......>........#)#
gB.<...........#.##
...#..............#
########...o...........
. ...........#.... #
.#####.###..#.... #.
..##... #$ ...#..#


You could see a scorpion.

Vanquished Creatures
  2 scorpions
  A bombardier beetle (D:3)
  A hound (D:3)
  3 orc wizards
  4 adders
  5 dart slugs
  6 orcs
  6 endoplasms
  2 giant cockroaches
  4 goblins
  6 hobgoblins
  3 kobolds
  6 quokkas
  4 ball pythons
  A bat (D:2)
  4 frilled lizards
  3 rats
61 creatures vanquished.

Notes
Turn   | Place    | Note
-------+----------+-------------------------------------------
     0 | D:1      | bearlyready the Octopode Shapeshifter began the quest for
                  | the Orb.
     0 | D:1      | Reached XP level 1. HP: 13/13 MP: 1/1
   246 | D:1      | Reached XP level 2. HP: 12/18 MP: 2/2
   780 | D:2      | Reached XP level 3. HP: 19/23 MP: 3/3
   974 | D:2      | Got Gurgh's Spellbook of the Congregation
  1038 | D:2      | Reached XP level 4. HP: 28/28 MP: 4/4
  1155 | D:2      | Identified the -2 buckler of the Trilobite {^Drain Int+4}
  1305 | D:2      | Found a faded altar of an unknown god.
  2007 | D:3      | Reached XP level 5. HP: 33/33 MP: 5/5
  2600 | D:4      | Reached skill level 5 in Unarmed Combat
  2614 | D:4      | Reached XP level 6. HP: 36/38 MP: 6/6
  2752 | D:3      | Reached skill level 5 in Shapeshifting
  2921 | D:4      | Slain by a scorpion

Illustrated notes

Levels and vault maps discovered:
D:1:      sevenhm_arrival_forest_fort_large_4, layout_loops_ring
D:2:      layout_basic, serial_forest, infiniplex_forest_clump_double,
          infiniplex_forest_clump_tiny, infiniplex_forest_clump_diagonal,
          infiniplex_forest_clump_curved, infiniplex_forest_zigzag_1,
          infiniplex_forest_lined_4_way, infiniplex_forest_lined_3,
          infiniplex_forest_straight_4, infiniplex_forest_clump_long,
          infiniplex_forest_fountain, chequers_ecumenical_altar_simple,
          st_stairs_11
D:3:      layout_basic
D:4:      old_forge, layout_rooms, grunt_decor_junction

Skill      XL: |  1  2  3  4  5  6 |
---------------+-------------------+-----
Unarmed Combat | 4 5 |  5.5
Shapeshifting  | 4 5 |  5.2
Fighting       | |  1.0
Dodging        | |  2.0

Action                     |  1- 3 |  4- 6 || total
---------------------------+-------+-------++-------
  Melee: Unarmed           |    56 |    69 ||   125
         Constrict         |    12 |    15 ||    27
         Punch             |     1 |     2 ||     3
         Tentacles         |    10 |    14 ||    24
    Use: Potion            |       |     6 ||     6
   Stab: Sleeping          |     8 |     7 ||    15
 Armour: Skin              |    15 |    55 ||    70
  Dodge: Dodged            |    27 |    28 ||    55
